 Dungeon Crawl Stone Soup version 0.18.1-50-g88ac8fd (webtiles) character file.

84 varam the Ruffian (level 4, 0/44 HPs)
             Began as a Troll Monk on Oct 22, 2016.
             Slain by Sigmund
             ... wielding a +0 scythe
              (14 damage)
             ... on level 2 of the Dungeon.
             The game lasted 00:01:14 (768 turns).

varam the Ruffian (Troll Monk)                       Turns: 768, Time: 00:01:14

Health: 0/44       AC:  5    Str: 19    XL:     4   Next: 24%
Magic:  3/3        EV: 10    Int:  6    God:
Gold:   3          SH:  0    Dex: 13    Spells: 0 memorised, 3 levels left

rFire  . . .     SeeInvis .       - Unarmed
rCold  . . .     Gourm    +     a - +0 robe
rNeg   . . .     Faith    .     (no shield)
rPois  .         Spirit   .     (helmet restricted)
rElec  .         Dismiss  .     (no cloak)
rCorr  .         Reflect  .     (gloves unavailable)
SustAt .         Harm     .     (boots unavailable)
MR     .....                    (no amulet)
Stlth  +.........               (no ring)
                                (no ring)

@: not resistant to hostile enchantments, very unstealthy
A: unfitting armour, claws 3, fast metabolism 3, gourmand, regeneration 2,
shaggy fur 1, tough skin 2
a: no special abilities


You were on level 2 of the Dungeon.
You were very full.

You visited 1 branch of the dungeon, and saw 2 of its levels.

You collected 3 gold pieces.

Inventory:

Armour
 a - a +0 robe (worn)
Jewellery
 g - a +4 ring of intelligence {unknown}
Scrolls
 d - a scroll of fog {unknown}
 e - a scroll of remove curse {unknown}
Potions
 f - a potion of curing {unknown}
Comestibles
 b - 2 bread rations
 c - 3 chunks of flesh


   Skills:
 - Level 2.4 Fighting
 - Level 2.4 Dodging
 - Level 1.1 Stealth
 + Level 5.8 Unarmed Combat


You had 3 spell levels left.
You didn't know any spells.

Dungeon Overview and Level Annotations

Branches:
Dungeon (1/15)

Altars:

Annotations:
D:2 Sigmund


Innate Abilities, Weirdness & Mutations

You are too large for most types of armour.
You have claws for hands.
Your metabolism is lightning-fast.
You like to eat raw meat.
You heal very quickly.
You are covered in fur (AC +1).
You have very tough skin (AC +2).


Message History

The kobold hits you but does no damage. The goblin hits you.
You bump into the rock wall.
The ooze hits you but does no damage. The kobold barely misses you.
The kobold hits you. The goblin barely misses you.
Something completely misses you.
You closely miss something. The ooze barely misses you.
The goblin hits you but does no damage. The kobold hits you but does no damage.
The kobold closely misses you.
You bump into the rock wall.
Something hits you! The ooze hits you but does no damage.
The kobold closely misses you. The goblin hits you.
You bump into the rock wall.
The kobold hits you but does no damage. The ooze barely misses you.
Something hits you but does no damage. The goblin barely misses you.
The kobold closely misses you.
You closely miss something. The kobold hits you but does no damage.
The ooze misses you. The kobold barely misses you. The goblin hits you.
You closely miss the goblin.
The goblin is heavily wounded.
You feel less confused. Something hits you!
You die...

#.## #..# ##..# #..
###### ### ..!. ...
...... ... ..# #.#
#.... #..##[# #.#
#.###
#..#.†#######[####.# #
#...$............#.###
#..#KJ#######......†..
#K@# #.##.#.### #g{#
#.##...##. #..#
#.#######. #..# #.#
##. ...# #.# #.. .##..
### #.. . ### #.. #
#.. #..


You could see an ooze, a goblin and 2 kobolds.

Vanquished Creatures
  2 adders (D:2)
  4 gnolls (D:2)
  2 giant geckos (D:2)
  A goblin (D:1)
  4 hobgoblins
  5 jackals
  A kobold (D:2)
  3 bats (D:1)
  6 rats
28 creatures vanquished.

Notes
Turn   | Place    | Note
--------------------------------------------------------------
     0 | D:1      | varam the Troll Monk began the quest for the Orb.
     0 | D:1      | Reached XP level 1. HP: 22/22 MP: 0/0
    44 | D:1      | Reached XP level 2. HP: 26/29 MP: 1/1
   201 | D:1      | You fall through a shaft!
   245 | D:2      | Reached skill level 5 in Unarmed Combat
   245 | D:2      | Reached XP level 3. HP: 36/36 MP: 2/2
   643 | D:2      | Reached XP level 4. HP: 42/44 MP: 3/3
   745 | D:2      | Noticed Sigmund
   768 | D:2      | Slain by Sigmund

Skill      XL: |  1  2 |
---------------+-------+-----
Unarmed Combat | 5 |  5.8
Fighting       | |  2.4
Dodging        | |  2.4
Stealth        | |  1.1

Action                   |  1- 3 |  4- 6 || total
-------------------------+-------+-------++-------
Melee: Unarmed           |    50 |    25 ||    75
 Stab: Sleeping          |     1 |       ||     1
  Eat: Chunk             |    11 |     1 ||    12
Armor: Robe              |    15 |    16 ||    31
Dodge: Dodged            |    33 |    33 ||    66
